 Dungeon Crawl Stone Soup version 0.23.2 (webtiles) character file.

Game seed: 2340113758665510765

28112 Borgoz the Nimble (level 13, -2/109 (110) HPs)
             Began as a Ghoul Gladiator on Apr 4, 2019.
             Was an Elder of Ashenzari.
             Slain by an elephant (10 damage)
             ... on level 4 of the Lair of Beasts.
             The game lasted 00:40:19 (16826 turns).

Borgoz the Nimble (Ghoul Gladiator)                Turns: 16826, Time: 00:40:20

HP:   -2/109 (110)  AC: 16    Str: 21    XL:     13   Next: 36%
MP:   12/12         EV: 13    Int:  9    God:    Ashenzari [****..]
Gold: 194           SH:  0    Dex: 12    Spells: 12/12 levels left

rFire    x x .     SeeInvis +   a - +2 dagger (drain)
rCold    + + +     Gourm    .   (no shield)
rNeg     + + +     Faith    .   E - +0 chain mail of Cocytus {rElec rN+ Str-3 Int+4}
rPois    ∞         Spirit   .   c - +0 helmet
rElec    +         Reflect  .   N - scarf {repulsion}
rCorr    .         Harm     .   r - +0 pair of gloves (curse)
MR       .....     Clarity  +   D - +0 pair of boots
Stlth    +.........             A - amulet of regeneration
HPRegen  0.00/turn              B - ring of ice
MPRegen  0.13/turn              l - ring of ice

@: mighty, rotting, repel missiles
A: rotting body, claws 1, carnivore, cold resistance 1, negative energy
resistance 3, inhibited regeneration, torment resistance, unbreathing
a: Curse Item, Scrying, Renounce Religion


You were on level 4 of the Lair of Beasts.
You worshipped Ashenzari.
Ashenzari was greatly pleased with you.
You were not hungry.

You visited 3 branches of the dungeon, and saw 16 of its levels.
You also visited: Ossuary.

You collected 751 gold pieces.
You spent 557 gold pieces at shops.

Inventory:

Hand Weapons
 a - a +2 dagger of draining (weapon)
 b - a +2 rapier of freezing
 e - a +0 rapier
Missiles
 k - 22 tomahawks (quivered)
Armour
 c - a +0 helmet (worn)
 r - a cursed +0 pair of gloves (worn)
 D - a +0 pair of boots (worn)
 E - the +0 chain mail of Cocytus (worn) {rElec rN+ Str-3 Int+4}
   (You bought it in a shop on level 7 of the Dungeon)

   It affects your strength (-3).
   It affects your intelligence (+4).
   It insulates you from electricity.
   It protects you from negative energy.
 N - a scarf of repulsion (worn)
Jewellery
 j - an uncursed ring of wizardry
 l - a ring of ice (right hand)
 q - an uncursed ring of fire
 A - an amulet of regeneration (around neck)
 B - a ring of ice (left hand)
Wands
 t - a wand of polymorph (8)
 F - a wand of random effects (15)
 J - a wand of digging (7)
Scrolls
 d - 4 scrolls of fear
 g - 2 scrolls of identify
 i - 3 scrolls of remove curse
 m - 2 scrolls of enchant armour
 n - a scroll of magic mapping
 o - 4 scrolls of teleportation
 s - a scroll of amnesia
 v - 5 scrolls of fog
 y - 6 scrolls of blinking
 z - a scroll of torment
Potions
 p - 4 potions of haste
 u - a potion of resistance
 w - a potion of flight
 x - 4 potions of curing
 I - a potion of cancellation
Comestibles
 f - 27 rations


   Skills:
 + Level 8.9 Fighting
 * Level 10.7 Short Blades
 - Level 1.7 Throwing
 * Level 10.3 Armour
 * Level 10.7 Dodging
 + Level 9.4 Stealth


You had 12 spell levels left.
You didn't know any spells.
Your spell library contained the following spells:

 Spells                   Type           Power        Failure   Level  Hunger
 Flame Tongue             Conj/Fire      #....        95%         1    ##.....
 Summon Butterflies       Summ           #.......     95%         1    ##.....
 Throw Flame              Conj/Fire      #.....       98%         2    ###....
 Call Canine Familiar     Summ           #.......     100%        3    ####...
 Conjure Flame            Conj/Fire      #.......     100%        3    ####...
 Inner Flame              Hex/Fire       #.......     100%        3    ####...
 Sticky Flame             Conj/Fire      #.......     100%        4    #####..
 Summon Ice Beast         Ice/Summ       #.......     100%        4    #####..
 Fireball                 Conj/Fire      #.........   100%        5    ######.
 Summon Mana Viper        Hex/Summ       #.......     100%        5    ######.
 Summon Hydra             Summ           #.........   100%        7    #######


Dungeon Overview and Level Annotations

Branches:
Dungeon (11/15)            Temple (1/1) D:4            Lair (4/6) D:8
 Shoals (0/4) Lair:2        Snake (0/4) Lair:4
    Orc: D:9-12

Altars:
Ashenzari
Cheibriados
Dithmenos
Elyvilon
Fedhas
Gozag
Hepliaklqana
Kikubaaqudgha
Makhleb
Nemelex Xobeh
Okawaru
Qazlal
Ru
Sif Muna
Trog
Uskayaw
Vehumet
Wu Jian
Xom
Yredelemnul
Zin
The Shining One

Shops:
D:6 *   D:7 [   D:10 *[

Annotations:
D:8 Gastronok


Innate Abilities, Weirdness & Mutations

Your body is rotting away.
You thrive on raw meat.
You are immune to poison.
You have sharp fingernails.
You are carnivorous and can eat meat at any time.
Your flesh is cold resistant. (rC+)
You are immune to negative energy. (rN+++)
You do not regenerate when monsters are visible.
You are immune to unholy pain and torment.
You can survive without breathing.


Message History

The elephant tramples you but does no damage.
The elephant barely misses you. The elephant tramples you.
* * * LOW HITPOINT WARNING * * *
You hold your ground!
The elephant trunk-slaps you but does no damage.
You puncture the elephant!
You kill the elephant!
The elephant closely misses you. The elephant trunk-slaps you.
* * * LOW HITPOINT WARNING * * *
You puncture the elephant!
The elephant is severely wounded.
The elephant tramples you.
* * * LOW HITPOINT WARNING * * *
You stumble backwards!
The elephant tramples you but does no damage.
The elephant trunk-slaps you.
* * * LOW HITPOINT WARNING * * *
You feel your flesh rotting away. The elephant tramples you!
You die...

, ,,, , ,....####.#.#..## ,
...................## , ,,
....................#
...................P# ,*
#.#.........YY.....## # ,
*#.......#...Y.###...# ,,
*#......###..# #..P# ****
.##......##.#+####.## .,** ,
........Y@......##..# .,*,
..#..YYY#Y......##..# ., *
#.#...Y.##.........## ....P#
#......###.+#+.#..# ......
.......Y†###.#.#.#.## ..#...
.........%.P.#......# .#....
.........÷.........##
...........................#
...........................#


You could see 6 elephants.

Vanquished Creatures
  Fannar (Lair:2)
  3 hydras (Lair:3)
  Erica (D:8)
  3 two-headed ogres
  Nergalle (D:10)
  An unseen horror (D:11)
  Pikel (D:5)
  2 oklob plants (Lair:1)
  3 elephants (Lair:4)
  Joseph (D:8)
  A centaur skeleton (D:10)
  Psyche (D:11)
  2 black mambas (Lair:1)
  7 spiny frogs
  3 komodo dragons
  2 ice devils (Lair:3)
  A polar bear (Lair:3)
  2 trolls (D:9)
  7 blink frogs
  4 hippogriffs
  A snapping turtle (Lair:2)
  A shadow (D:9)
  A wraith (Ossuary)
  18 yaks
  A human (D:9)
  Grum (D:10)
  A wyvern (Lair:3)
  A hungry ghost (D:9)
  3 wargs
  Edmund (D:5)
  9 water moccasins
  15 porcupines
  4 phantoms
  2 sky beasts
  2 orc warriors
  An ice beast (D:11)
  8 ogres
  11 wolves
  4 centaurs
  6 crocodiles
  14 bullfrogs
  A water moccasin zombie (D:10)
  A wyvern zombie (D:7)
  2 scorpions (D:9)
  5 wights
  2 howler monkeys
  3 electric eels (D:10)
  A centaur zombie (D:7)
  2 crimson imps
  8 hounds
  4 orc priests
  8 orc wizards
  3 iguanas
  9 worker ants
  A mummy (Ossuary)
  A hound skeleton (D:5)
  2 worker ant zombies
  Robin (D:4)
  9 adders
  4 shadow imps
  2 adder zombies
  2 adder skeletons
  4 dart slugs
  7 leopard geckos
  29 orcs
  5 giant cockroaches
  12 goblins
  11 hobgoblins
  14 jackals
  2 quokkas (D:2)
  2 ball pythons
  7 bats
  5 frilled lizards
  15 gnoll skeletons (Ossuary)
  A jackal skeleton (D:8)
  5 kobolds
  5 kobold skeletons (Ossuary)
  A leopard gecko zombie (D:7)
  5 orc skeletons (Ossuary)
  A quokka zombie (D:9)
  8 rats
  2 rat zombies (D:7)
364 creatures vanquished.

Vanquished Creatures (others)
  2 bushes (Lair:4)
  4 fungi
  3 plants
9 creatures vanquished.

Grand Total: 373 creatures vanquished

Notes
Turn   | Place    | Note
-------+----------+-------------------------------------------
     0 | D:1      | Borgoz the Ghoul Gladiator began the quest for the Orb.
     0 | D:1      | Reached XP level 1. HP: 17/17 MP: 0/0
   170 | D:1      | Reached XP level 2. HP: 24/24 MP: 1/1
   362 | D:1      | Found a shattered altar of Ashenzari.
   376 | D:1      | Became a worshipper of Ashenzari the Shackled
   465 | D:1      | Reached skill level 1 in Armour
   692 | D:1      | Reached XP level 3. HP: 30/30 MP: 2/2
   988 | D:2      | Found a glowing golden altar of the Shining One.
  1358 | D:3      | Reached skill level 1 in Stealth
  1471 | D:3      | Reached XP level 4. HP: 26/37 MP: 3/3
  1804 | D:3      | Found a shimmering altar of Xom.
  1814 | D:3      | Found a shimmering altar of Xom.
  1815 | D:3      | Found a shimmering altar of Xom.
  1822 | D:3      | Found a shimmering altar of Xom.
  1822 | D:3      | Found a shimmering altar of Xom.
  1996 | D:3      | Found an iron altar of Okawaru.
  1997 | D:3      | Found a hazy altar of Hepliaklqana.
  2092 | D:4      | Noticed Robin
  2130 | D:3      | Reached XP level 5. HP: 9/42 MP: 4/4
  2436 | D:4      | Noticed a phantom
  2471 | D:4      | Killed a phantom
  2471 | D:4      | Reached XP level 6. HP: 38/51 MP: 5/5
  2555 | D:4      | Killed Robin
  2814 | D:4      | Found a staircase to the Ecumenical Temple.
  2830 | Temple   | Entered the Ecumenical Temple
  3113 | D:4      | Found an ancient bone altar of Kikubaaqudgha.
  3631 | D:5      | Entered Level 5 of the Dungeon
  3631 | D:5      | Reached * piety under Ashenzari
  3642 | D:5      | Noticed Edmund
  3669 | D:5      | Killed Edmund
  3669 | D:5      | Reached XP level 7. HP: 30/57 MP: 6/6
  4149 | D:5      | Reached XP level 8. HP: 66/66 MP: 7/7
  4166 | D:5      | Noticed Pikel
  4201 | D:5      | Killed Pikel
  4201 | D:5      | Reached skill level 5 in Short Blades
  4201 | D:5      | Reached skill level 5 in Dodging
  4822 | D:6      | Found Tyrigoto's General Store.
  4849 | D:6      | Bought a scroll of teleportation for 33 gold pieces
  4891 | D:6      | Reached XP level 9. HP: 60/72 MP: 8/8
  5085 | D:6      | Reached skill level 5 in Armour
  6228 | D:7      | Reached skill level 5 in Fighting
  6249 | D:7      | Found a sand-covered staircase.
  6315 | Ossuary  | Entered an ossuary
  6935 | D:7      | Found Lygy's Antique Armour Shoppe.
  6946 | D:7      | Bought a faintly glowing chain mail for 237 gold pieces
  7066 | D:7      | Identified the +0 chain mail of Cocytus {rElec rN+ Str-3
                  | Int+4} (You bought it in a shop on level 7 of the Dungeon)
  7132 | D:7      | Reached skill level 5 in Stealth
  7198 | D:8      | Found a staircase to the Lair.
  7278 | D:8      | Noticed Erica
  7310 | D:8      | Killed Erica
  7310 | D:8      | Reached XP level 10. HP: 53/83 MP: 9/9
  7926 | D:8      | Noticed Joseph
  7968 | D:8      | Killed Joseph
  8084 | D:8      | Noticed a two-headed ogre
  8107 | D:8      | Killed a two-headed ogre
  8237 | D:8      | Found the amulet of the Air {Inacc +Fly rElec EV+5 RMsl}
  8372 | D:8      | Noticed Gastronok
  8686 | D:9      | Reached ** piety under Ashenzari
  8764 | D:9      | Noticed a two-headed ogre
  8793 | D:9      | Killed a two-headed ogre
  8793 | D:9      | Reached XP level 11. HP: 14/91 MP: 10/10
  9577 | D:9      | Found a stormy altar of Qazlal.
  9600 | D:9      | Found a shadowy altar of Dithmenos.
  9612 | D:9      | Found a snail-covered altar of Cheibriados.
  9629 | D:9      | Found a glowing silver altar of Zin.
  9829 | D:10     | Entered Level 10 of the Dungeon
  9837 | D:10     | Found Dohonta's Antique Armour Emporium.
 10061 | D:10     | Noticed Grum
 10087 | D:10     | Killed Grum
 10230 | D:10     | Noticed Nergalle
 10257 | D:10     | Noticed a two-headed ogre
 10357 | D:10     | Killed a two-headed ogre
 10397 | D:10     | Killed Nergalle
 10996 | D:10     | Found Puibariun's Assorted Antiques.
 11152 | D:11     | Noticed Psyche
 11237 | D:11     | Found a shimmering altar of Xom.
 11312 | D:11     | Killed an unseen horror
 11320 | D:11     | Killed Psyche
 11493 | D:11     | Reached *** piety under Ashenzari
 11592 | D:11     | Noticed a yaktaur captain
 11694 | D:10     | Bought a warped helmet for 237 gold pieces
 11694 | D:10     | Bought a scroll of identify for 50 gold pieces
 11787 | Lair:1   | Entered Level 1 of the Lair of Beasts
 12180 | Lair:1   | Reached XP level 12. HP: 90/100 MP: 11/11
 13844 | Lair:2   | Found a staircase to the Shoals.
 14276 | Lair:2   | Reached skill level 10 in Short Blades
 14276 | Lair:2   | Reached skill level 10 in Dodging
 14324 | Lair:2   | Noticed Fannar
 14378 | Lair:2   | Killed Fannar
 14700 | Lair:3   | Found a frozen archway.
 14898 | Lair:3   | Noticed a seven-headed hydra
 14912 | Lair:3   | Killed a seven-headed hydra
 14942 | Lair:3   | Noticed a five-headed hydra
 14955 | Lair:3   | Killed a five-headed hydra
 15072 | Lair:3   | Reached XP level 13. HP: 39/108 MP: 12/12
 15310 | Lair:3   | Reached skill level 10 in Armour
 15323 | Lair:3   | Reached **** piety under Ashenzari
 16233 | Lair:3   | HP: 3/110 [seven-headed hydra (3)]
 16657 | Lair:4   | Found a staircase to the Snake Pit.
 16826 | Lair:4   | Slain by an elephant

Skill      XL: |  1  2  3  4  5  6  7  8  9 10 11 12 13 |
---------------+----------------------------------------+-----
Short Blades   | 3 4 5 7 8 9 10 | 10.7
Dodging        | 3 4 5 7 8 9 10 | 10.7
Armour         | 1 2 3 4 6 7 8 9 10 | 10.3
Stealth        | 1 2 3 4 5 6 7 9 |  9.4
Fighting       | 3 4 5 6 7 8 |  8.9
Throwing       | |  1.7

Action                   |  1- 3 |  4- 6 |  7- 9 | 10-12 | 13-15 || total
-------------------------+-------+-------+-------+-------+-------++-------
Melee: Rapier            |   131 |   158 |   193 |   459 |       ||   941
       Dagger            |       |    78 |   509 |  1360 |   495 ||  2442
Throw: Throwing net      |       |     5 |       |       |       ||     5
       Tomahawk          |       |     2 |       |     1 |       ||     3
Evoke: Wand              |       |       |     5 |    28 |       ||    33
  Use: Scroll            |       |     8 |    10 |    10 |     3 ||    31
       Potion            |       |     4 |     7 |    17 |     4 ||    32
 Stab: Held in net/web   |       |     1 |       |       |       ||     1
       Sleeping          |       |     1 |     3 |       |       ||     4
       Invisible         |       |       |       |       |     2 ||     2
  Eat: Chunk             |    10 |    15 |    25 |    69 |    24 ||   143
       Ration            |       |       |     1 |       |       ||     1
Armor: Leather armour    |     6 |       |       |       |       ||     6
       Ring mail         |    57 |    52 |   142 |       |       ||   251
       Chain mail        |       |       |    20 |   711 |   219 ||   950
Dodge: Dodged            |    94 |   162 |   368 |   684 |   253 ||  1561
